 Dungeon Crawl Stone Soup version 0.31-a0-155-gb63f529262 (webtiles) character file.

Game seed: 15137578083119728867

4781 Velope the Nimble (level 10, 0/77 HPs)
             Began as a Merfolk Ice Elementalist on June 11, 2023.
             Slain by a killer bee (5 damage)
             ... on level 9 of the Dungeon on June 12, 2023.
             The game lasted 01:47:20 (11386 turns).

Velope the Nimble (Merfolk Ice Elementalist)       Turns: 11386, Time: 01:47:21

Health: 0/77       AC: 12    Str: 13    XL:     10   Next: 47%
Magic:  13/18      EV: 12    Int: 14    God:
Gold:   372        SH:  0    Dex: 15    Spells: 16/20 levels left

rFire   + . .        I - +2 trident (vamp)
rCold   . . .        (no shield)
rNeg    . . .        o - +3 scale mail
rPois   .            (no helmet)
rElec   .            (no cloak)
rCorr   .            (no gloves)
SInv    .            (no boots)
Will    .....        s - amulet of regeneration
Stlth   ++           N - ring of protection from fire
HPRegen 1.12/turn    (no ring)
MPRegen 0.16/turn

%: no passive effects
@: brilliant, lethally poisoned (0 -> -22), ice-armoured
A: (nimble swimmer 2), mertail
a: no special abilities


You were on level 9 of the Dungeon.
You visited 1 branch of the dungeon, and saw 9 of its levels.
You also visited: Sewer.

You collected 372 gold pieces.

Inventory:

Hand Weapons
 a - a +0 orcbow
 d - a +2 scimitar
 g - a +0 great sword
 j - a +4 spear of venom
 l - a +2 trident of protection
 r - a +0 dagger of draining
 A - a +1 trident of flaming
 B - a +0 sling
 C - a +0 halberd
 E - a +2 dagger of freezing
 G - a +0 flail of protection
 H - a +0 war axe
 I - a +2 vampiric trident (weapon)
 P - a +5 war axe
 Q - a +2 flail of draining
 R - a +3 dagger of speed
 W - a +0 dagger of draining
 X - a +2 whip of electrocution
 Y - a +0 long sword
Missiles
 w - 3 boomerangs of dispersal
 D - 2 throwing nets
 S - 33 poisoned darts
Armour
 h - a +0 ring mail
 i - a +0 chain mail
 o - a +3 scale mail (worn)
 F - a scarf of harm
Magical Staves
 n - a staff of conjuration
 Z - a staff of air
Jewellery
 e - an amulet of guardian spirit
 f - an amulet of reflection
 s - an amulet of regeneration (around neck)
 N - a ring of protection from fire (left hand)
 O - an amulet of the acrobat
Wands
 q - a wand of mindburst (2)
 t - a wand of digging (3)
 V - a wand of light (6)
Scrolls
 c - a scroll of magic mapping {unknown}
 k - a scroll of amnesia {unknown}
 y - 2 scrolls of poison
 L - a scroll of vulnerability {unknown}
 T - a scroll of fog {unknown}
Potions
 b - a potion of magic
 m - a potion of invisibility {unknown}
 p - 3 potions of mutation
 u - a potion of brilliance
 v - 2 potions of lignification
 x - a potion of cancellation {unknown}
 z - a potion of resistance
 J - a potion of might {unknown}
 M - a potion of haste {unknown}
 U - a potion of enlightenment {unknown}


   Skills:
 + Level 6.6 Fighting
 + Level 7.9 Polearms
 + Level 8.6 Dodging
 + Level 7.7 Stealth
 + Level 5.9 Spellcasting
 + Level 8.0 Ice Magic


You had 16 spell levels left.
You knew the following spells:

 Your Spells              Type           Power      Damage    Failure   Level
a - Freeze                Ice            100%       1d10      3%          1
b - Ozocubu's Armour      Ice            39%        N/A       9%          3

Your spell library contained the following spells:

 Spells                   Type           Power      Damage    Failure   Level
 Frozen Ramparts          Ice            78%        1d12      9%          3
 Lesser Beckoning         Tloc           12%        N/A       77%         2
 Summon Ice Beast         Ice/Summ       23%        N/A       83%         4
 Gell's Gravitas          Tloc           6%         N/A       94%         3
 Teleport Other           Tloc           6%         N/A       94%         3


Dungeon Overview and Level Annotations

Branches:
Dungeon (9/15)             Temple (0/1) D:4           Sewer (visited)
   Lair: D:8-11         Orc: D:9-12

Altars:
Ashenzari
Cheibriados
Elyvilon
Kikubaaqudgha
Qazlal
Ru
Uskayaw
Vehumet

Shops:
D:4 (   D:7 ?   D:8 *((

Annotations:
D:4 Eustachio
D:7 Joseph
D:8 Maurice


Innate Abilities, Weirdness & Mutations

((You are very nimble when in or above water. (Stealth+, EV+, Speed+++)))
Your lower body shifts to a powerful aquatic tail in water.


Message History

You feel much better.
You feel very sick. The killer bee closely misses you.
The killer bee stings you but does no damage.
The killer bee misses you.
The killer bee stings you but does no damage.
The killer bee barely misses you.
You feel clever all of a sudden.
You feel sick. The killer bee stings you.
You are more poisoned.
The killer bee poisons you! The killer bee closely misses you. x2
The killer bee stings you. x2
You are more poisoned.
The killer bee poisons you! The killer bee stings you.
You are more poisoned.
The killer bee poisons you!
Casting: Freeze (safe; 3% risk of failure)
Confirm with . or Enter, or press ? or * to list all spells.
You feel a surge of power! A film of ice covers your body!
* * * LOW HITPOINT WARNING * * *
You feel extremely sick. The killer bee misses you.
The killer bee barely misses you. The killer bee stings you.
* * * LOW HITPOINT WARNING * * *
You are more poisoned.
The killer bee poisons you! The killer bee closely misses you.
The killer bee stings you.
* * * LOW HITPOINT WARNING * * *
You are more poisoned.
The killer bee poisons you!
The killer bee stings you but does no damage.
Casting: Ozocubu's Armour (dangerous; 9% risk of failure)
Confirm with . or Enter, or press ? or * to list all spells.
You feel a surge of power!
Your icy armour thickens.
* * * LOW HITPOINT WARNING * * *
You feel extremely sick. The killer bee closely misses you. x2
The killer bee stings you but does no damage.
The killer bee barely misses you. The killer bee stings you.
You die...

#....#......# .....
#....#......# .......
#....'......# .......
######....[.# ......#
...........)#####.....<#
...........).........<.#
...........).).........#
.......................#
...............y@......#
.......########yy#####.#
..>....#......'.r# ...
#......#..+
##+#......#..#
..........#..#
.........y#..#
.....$....#..#
..........#..#


You could see 3 killer bees and a quokka.

Vanquished Creatures
  A cyclops (D:9)
  6 yaks (D:8)
  Menkaure (D:7)
  A water moccasin (D:5)
  An orc warrior (D:7)
  3 black bears
  2 ice beasts
  2 ogres
  A centaur (D:8)
  6 bullfrogs
  3 kobold brigands
  2 gnoll sergeants (D:8)
  2 scorpions
  10 wights
  6 killer bees
  2 howler monkeys (D:5)
  4 orc priests
  A hound (D:4)
  A sleepcap (D:7)
  2 iguanas (D:5)
  10 orc wizards
  13 adders
  13 gnolls
  3 river rats (Sewer)
  2 worms
  4 dart slugs
  27 orcs
  7 ball pythons
  5 endoplasms
  4 giant cockroaches
  8 goblins
  4 hobgoblins
  2 jackals (D:2)
  17 kobolds
  5 quokkas
  A bat (D:3)
  8 frilled lizards
  14 rats
204 creatures vanquished.

Notes
Turn   | Place    | Note
-------+----------+-------------------------------------------
     0 | D:1      | Velope the Merfolk Ice Elementalist began the quest for the
                  | Orb.
     0 | D:1      | Reached XP level 1. HP: 13/13 MP: 3/3
   208 | D:1      | Reached XP level 2. HP: 10/19 MP: 5/5
   629 | D:1      | Reached XP level 3. HP: 25/25 MP: 6/6
   637 | D:1      | Found a faded altar of an unknown god.
  1177 | D:2      | Reached skill level 1 in Polearms
  1368 | D:2      | Reached skill level 1 in Fighting
  1368 | D:2      | Reached XP level 4. HP: 25/32 MP: 7/7
  2541 | D:3      | Reached XP level 5. HP: 36/37 MP: 3/9
  2827 | D:3      | Found a glowing drain.
  2847 | Sewer    | Entered a sewer
  2970 | Sewer    | Reached skill level 5 in Ice Magic
  3647 | D:3      | Found a white marble altar of Elyvilon.
  4203 | D:4      | Noticed an ogre
  4218 | D:4      | Killed an ogre
  4219 | D:4      | Reached XP level 6. HP: 18/44 MP: 3/10
  4378 | D:4      | Found Jaskory's Weapon Shop.
  4489 | D:4      | Found a staircase to the Ecumenical Temple.
  4775 | D:4      | Found a broken altar of Ashenzari.
  4827 | D:4      | Found a sacrificial altar of Ru.
  4991 | D:4      | Found a stormy altar of Qazlal.
  5116 | D:3      | HP: 2/46 [poisoned by an adder]
  5369 | D:4      | Reached XP level 7. HP: 36/51 MP: 6/11
  5430 | D:4      | Found an ancient bone altar of Kikubaaqudgha.
  5431 | D:4      | Noticed Eustachio
  5718 | D:5      | Entered Level 5 of the Dungeon
  5893 | D:5      | Reached skill level 5 in Dodging
  6654 | D:5      | Reached XP level 8. HP: 39/58 MP: 6/13
  6839 | D:5      | Learned a level 3 spell: Ozocubu's Armour
  7025 | D:5      | Reached skill level 5 in Stealth
  8081 | D:6      | Reached skill level 5 in Polearms
  8417 | D:7      | Found a snail-covered altar of Cheibriados.
  8663 | D:7      | Noticed Menkaure
  8988 | D:7      | Killed Menkaure
  9034 | D:7      | Reached XP level 9. HP: 48/66 MP: 8/15
  9041 | D:7      | Found Laeb's Magic Scroll Boutique.
  9352 | D:7      | Reached skill level 5 in Fighting
  9605 | D:7      | Found a hide-covered altar of Uskayaw.
  9609 | D:7      | Noticed Joseph
  9731 | D:7      | Found a radiant altar of Vehumet.
  9900 | D:8      | Reached skill level 5 in Spellcasting
  9909 | D:8      | Reached XP level 10. HP: 25/76 MP: 14/18
  9993 | D:8      | Found Reulaa's Assorted Antiques.
  9995 | D:8      | Found Zieneli's Weapon Emporium.
 10753 | D:8      | Found Toellokh's Weapon Shop.
 10756 | D:8      | Noticed Maurice
 10788 | D:8      | Upgraded the game from 0.31-a0-152-g6aa68a64a1 to
                  | 0.31-a0-155-gb63f529262
 10914 | D:8      | Noticed a two-headed ogre
 11053 | D:9      | Noticed a cyclops
 11068 | D:9      | Killed a cyclops
 11356 | D:9      | Noticed a death yak
 11386 | D:9      | Slain by a killer bee

Illustrated notes

Levels and vault maps discovered:
D:1:      heliophobic_arrival_battle_scene, layout_rooms,
          shapermc_ecumenical_altar_starsandcircs
D:2:      layout_basic, grunt_ministairs_11
D:3:      layout_loops_ring, amcnicky_altar_gilded, portal_sewer_entry_b
D:4:      layout_basic, nicolae_ru_sacrificial_ziggurat, minitemple,
          mainiacjoe_overflow_paths, minmay_temple_entry_mist, serial_shops,
          nicolae_shop_behind_doors, uniq_eustachio
D:5:      layout_gridville
D:6:      nicolae_cairo_tiling_large_dashed, layout_basic
D:7:      layout_basic, mainiacjoe_overflow_brackets,
          mainiacjoe_overflow_alcove_4, mainiacjoe_overflow_boulevard,
          serial_shops, nicolae_shop_statue_plus, uniq_joseph, uniq_menkaure
D:8:      layout_loops_ring, kennysheep_mini_moat, serial_shops, shop, shop,
          nicolae_shop_tiny_waterfront, nicolae_shop_tiny_real_fake_doors, shop,
          uniq_maurice
D:9:      layout_irregular_city, zin_scriptorium, dpeg_lair_monsters

Skill      XL: |  1  2  3  4  5  6  7  8  9 10 |
---------------+-------------------------------+-----
Dodging        | 3 4 5 6 7 8 |  8.6
Polearms       | 1 2 3 4 5 7 |  7.9
Fighting       | 1 2 3 4 6 |  6.6
Stealth        | 3 4 5 7 |  7.7
Ice Magic      | 5 6 7 8 |  8.0
Spellcasting   | 3 4 5 |  5.9

Action                     |  1- 3 |  4- 6 |  7- 9 | 10-12 || total
---------------------------+-------+-------+-------+-------++-------
  Melee: Short sword       |    15 |       |       |       ||    15
         Spear             |    90 |   152 |       |       ||   242
         Punch             |     2 |     1 |     1 |     2 ||     6
         Trident           |       |    56 |   208 |   160 ||   424
   Cast: Freeze            |       |    62 |    95 |    16 ||   173
         Ozocubu's Armour  |       |       |     2 |     2 ||     4
  Evoke: Wand              |       |       |     5 |    21 ||    26
    Use: Scroll            |       |     3 |    12 |     6 ||    21
         Potion            |       |     1 |     5 |     4 ||    10
   Stab: Sleeping          |     2 |     9 |     2 |     1 ||    14
         Distracted        |       |       |       |     2 ||     2
         Invisible         |       |       |       |     2 ||     2
 Armour: Leather armour    |    10 |       |       |       ||    10
         Ring mail         |    10 |    57 |    34 |       ||   101
         Scale mail        |       |       |    72 |    43 ||   115
  Dodge: Dodged            |    44 |   125 |   165 |   145 ||   479

Table legend: (Time is in decaauts)
 A = Elapsed time spent in this place.
 B = Non-inter-level travel time spent in this place.
 C = Inter-level travel time spent in this place.
 D = Time resting spent in this place.
 E = Time spent auto-exploring this place.
 F = Levels seen in this place.
 G = Mean time per level.
                   A        B        C        D        E       F      G
               +--------+--------+--------+--------+--------+-----+--------+
         Total |  11334 |  11277 |     57 |   2649 |   4396 |  10 | 1133.4 |
       Dungeon |  10833 |  10776 |     57 |   2523 |   4201 |   9 | 1203.7 |
         Sewer |    500 |    500 |      0 |    126 |    195 |   1 |  500.0 |
               +--------+--------+--------+--------+--------+-----+--------+

Top non-repeatable levels by time:
     D:7: 1573 daAuts
     D:5: 1554 daAuts
     D:2: 1417 daAuts
     D:4: 1405 daAuts
     D:3: 1331 daAuts
     D:8: 1165 daAuts
     D:6: 1073 daAuts
     D:1: 1014 daAuts
   Sewer: 500 daAuts
     D:9: 298 daAuts
